 Dungeon Crawl Stone Soup version 0.19.3-1-g3169bf9 (webtiles) character file.

268 Jerry the Cutter (level 6, 22/33 HPs)
             Began as a Vine Stalker Berserker on Jan 25, 2017.
             Was a Believer of Trog.
             Quit the game on level 4 of the Dungeon.
             The game lasted 00:09:38 (3421 turns).

Jerry the Cutter (Vine Stalker Berserker)           Turns: 3421, Time: 00:09:39

Health: 22/33      AC: 11    Str: 20    XL:     6   Next: 21%
Magic:  7/7        EV:  6    Int:  7    God:    Trog [**....]
Gold:   20         SH:  0    Dex: 15    Spells: 0 memorised, 5 levels left

rFire  . . .     SeeInvis .     a - +0 short sword
rCold  + . .     Gourm    .     n - +0 plate armour
rNeg   . . .     Faith    .     (no shield)
rPois  .         Spirit   +     (no helmet)
rElec  .         Reflect  .     (no cloak)
rCorr  .         Harm     .     (no gloves)
MR     .....     Rnd*Rage +     (no boots)
Stlth  ..........               (no amulet)
                                u - ring of wizardry
                                o - ring of protection from cold

@: mildly poisoned (22 -> 21)
A: fangs 2, talons 1, berserk 1, regeneration 1, magic shield, antimagic bite,
no device heal 3, rot immunity
a: Berserk, Trog's Hand, Burn Spellbooks, Renounce Religion


You were on level 4 of the Dungeon.
You worshipped Trog.
Trog was pleased with you.
You were not hungry.

You visited 1 branch of the dungeon, and saw 4 of its levels.

You collected 155 gold pieces.
You spent 135 gold pieces at shops.

Inventory:

Hand Weapons
 a - a +0 short sword (weapon)
Armour
 b - a +0 animal skin
 n - a +0 plate armour (worn)
Jewellery
 o - a ring of protection from cold (left hand)
 u - a ring of wizardry (right hand)
 A - a cursed ring of loudness {unknown}
Wands
 x - a wand of disintegration (19/24)
Scrolls
 d - a scroll of enchant armour {unknown}
 e - 6 scrolls of identify {unknown}
 f - a scroll of teleportation {unknown}
 g - a scroll of magic mapping {unknown}
 p - a scroll of remove curse {unknown}
 v - a scroll of fog {unknown}
 y - 3 scrolls of enchant weapon {unknown}
Potions
 i - 2 potions of might
 k - 2 potions of invisibility {unknown}
 s - a potion of magic {unknown}
 t - 2 potions of haste {unknown}
 w - a potion of brilliance {unknown}
 z - a potion of cancellation {unknown}
 B - a potion of curing
 D - a potion of lignification
Comestibles
 c - 2 bread rations
 h - a slice of pizza
 j - 3 royal jellies
 l - a meat ration
 m - 6 fruits
 r - a chunk of flesh


   Skills:
 + Level 3.9 Fighting
 + Level 4.0 Short Blades
 + Level 3.0 Armour
 - Level 2.0 Dodging
 - Level 1.5 Stealth


You had 5 spell levels left.
You didn't know any spells.

Dungeon Overview and Level Annotations

Branches:
Dungeon (4/15)
 Temple: D:4-7

Altars:
Ashenzari
Qazlal

Shops:
D:4 !


Innate Abilities, Weirdness & Mutations

You have extremely sharp teeth.
Your natural rate of healing is unusually fast.
When hurt, damage is shared between your health and your magic reserves.
Your bite disrupts and absorbs the magic of your enemies.
Potions and wands cannot restore your health.
You are immune to rotting.
You have sharp toenails.
You tend to lose your temper in combat.


Message History

The scorpion is almost dead.
You feel sick. The scorpion stings you.
You barely miss the scorpion. Your kick misses the scorpion.
Your bite misses the scorpion.
The scorpion is almost dead.
The scorpion barely misses you.
You barely miss the scorpion.
The scorpion is almost dead.
You feel sick. The scorpion barely misses you.
You closely miss the scorpion. You bite the scorpion. You drain its power.
You feel invigorated.
You kill the scorpion!
Trog accepts your kill.
Your Short Blades skill increases to level 4!
Your Armour skill increases to level 3!
You have reached level 6!
Your experience leads to an increase in your attributes!
Increase (S)trength, (I)ntelligence, or (D)exterity?
You feel agile.
Are you sure you want to abandon this character and quit the game? (Confirm with "yes".)

#.#
#.....#.#'#######
#.#
####>...∩!.......
#.# #..#.#.#####..
#.# #....#.# #...
#.# ####.#.# #...
#.# ..#.# #... #.#
##+###.#.# #...
##.#####.......#.#
#...
#......@.......#.#
#...
########†.....#
#... .)..... #...
....... ####
....... #######


There were no monsters in sight!

Vanquished Creatures
  A scorpion (D:4)
  A crimson imp (D:4)
  An orc priest (D:3)
  6 adders
  2 oozes
  A worm (D:2)
  2 dart slugs (D:1)
  3 leopard geckos
  9 orcs (D:3)
  2 giant cockroaches (D:2)
  8 goblins
  7 hobgoblins
  5 jackals
  8 kobolds
  A quokka (D:3)
  A ball python (D:1)
  6 bats
  4 frilled lizards
  10 rats
78 creatures vanquished.

Notes
Turn   | Place    | Note
-------+----------+-------------------------------------------
     0 | D:1      | Jerry the Vine Stalker Berserker began the quest for the Orb.
     0 | D:1      | Reached XP level 1. HP: 11/11 MP: 2/2
   230 | D:1      | Reached XP level 2. HP: 14/16 MP: 3/3
   992 | D:1      | Reached skill level 3 in Short Blades
  1125 | D:1      | Reached XP level 3. HP: 9/19 MP: 4/4
  1435 | D:1      | Reached skill level 1 in Stealth
  1874 | D:2      | Gained mutation: Your natural rate of healing is unusually fast. [Vine Stalker growth]
  1874 | D:2      | Reached XP level 4. HP: 24/24 MP: 5/5
  2248 | D:2      | Reached ** piety under Trog
  2625 | D:3      | Reached XP level 5. HP: 28/28 MP: 6/6
  2798 | D:3      | Found a stormy altar of Qazlal.
  3027 | D:4      | Found a shattered altar of Ashenzari.
  3293 | D:4      | Found Hecid's Distillery.
  3301 | D:4      | Bought a potion of might for 40 gold pieces
  3301 | D:4      | Bought a potion of curing for 30 gold pieces
  3301 | D:4      | Bought a potion of mutation for 25 gold pieces
  3301 | D:4      | Bought a potion of lignification for 30 gold pieces
  3301 | D:4      | Bought a potion of degeneration for 10 gold pieces
  3321 | D:4      | Gained mutation: You have sharp toenails. [potion of mutation]
  3321 | D:4      | Gained mutation: You tend to lose your temper in combat. [potion of mutation]
  3420 | D:4      | Reached skill level 4 in Short Blades
  3420 | D:4      | Reached XP level 6. HP: 22/33 MP: 7/7
  3421 | D:4      | Quit the game

Skill      XL: |  1  2  3  4  5 |
---------------+----------------+-----
Short Blades   | 3 4 |  4.0
Armour         | 2 3 |  3.0
Stealth        | 1 |  1.5
Fighting       | 3 |  3.9
Dodging        | 2 |  2.0

Action                   |  1- 3 |  4- 6 || total
-------------------------+-------+-------++-------
Melee: Short sword       |   103 |   154 ||   257
       Bite              |    26 |    50 ||    76
       Kick              |       |     3 ||     3
Invok: Berserk           |     2 |     1 ||     3
  Use: Potion            |       |     1 ||     1
 Stab: Sleeping          |     2 |       ||     2
  Eat: Chunk             |     5 |     6 ||    11
Armor: Animal skin       |    10 |       ||    10
       Plate armour      |    30 |    90 ||   120
Dodge: Dodged            |    58 |    33 ||    91
